 Dungeon Crawl Stone Soup version bcrawl-1.23.3-19-gdc5968f444 (webtiles) character file.

Game seed: 9606916372403833628

51 AxeAttX the Skirmisher (level 3, 0/24 HPs)
             Began as a Gargoyle Fighter on June 9, 2020.
             Killed from afar by Robin (4 damage)
             ... with a wand of flame (7)
             ... on level 2 of the Dungeon.
             The game lasted 00:02:29 (1544 turns).

AxeAttX the Skirmisher (Gargoyle Fighter)           Turns: 1544, Time: 00:02:30

Health: 0/24       AC: 12    Str: 20    XL:     3   Next: 81%
Magic:  3/3        EV:  5    Int:  8    God:
Gold:   85         SH:  9    Dex:  9    Spells: 2/2 levels left

rFire    . . .     SeeInvis .   a - +0 long sword
rCold    . . .     Gourm    .   c - +0 medium shield
rNeg     + . .     Faith    .   b - +0 scale mail
rPois    ∞         Spirit   .   n - +2 hat
rElec    +         Reflect  .   (no cloak)
rCorr    .         Harm     .   (no gloves)
MR       .....                  (no boots)
Stlth    ..........             (no amulet)
HPRegen  0.08/turn              (no ring)
MPRegen  0.08/turn              (no ring)

@: no status effects
A: negative energy resistance 1, electricity resistance, unbreathing,
petrification resistance, rot immunity, AC +3
a: no special abilities


You were on level 2 of the Dungeon.
You were not hungry.

You visited 1 branch of the dungeon, and saw 2 of its levels.

You collected 85 gold pieces.

Inventory:

Hand Weapons
 a - a +0 long sword (weapon)
Armour
 b - a +0 scale mail (worn)
 c - a +0 medium shield (worn)
 i - a +0 cloak
   (You found it on level 1 of the Dungeon)
 n - a +2 hat (worn)
   (You found it on level 1 of the Dungeon)
 r - a +0 pair of boots
   (You found it on level 2 of the Dungeon)
Jewellery
 f - an uncursed ring of see invisible {unknown}
   (You found it on level 1 of the Dungeon)
 l - an uncursed ring of insulation {unknown}
   (You found it on level 1 of the Dungeon)
Scrolls
 j - a scroll of identify {unknown}
 k - 2 scrolls of enchant armour {unknown}
 m - a scroll of fear {unknown}
 o - 3 scrolls of teleportation {unknown}
 q - a scroll of amnesia {unknown}
Potions
 d - 2 potions of might
 g - a potion of curing {unknown}
 h - a potion of agility {unknown}
 p - 2 potions of brilliance {unknown}
Comestibles
 e - 6 rations {!d}


   Skills:
 - Level 4.0 Fighting
 + Level 3.1 Long Blades
 - Level 3.2 Armour
 - Level 3.2 Shields


You had 2 spell levels left.
You didn't know any spells.
Your spell library was empty.

Dungeon Overview and Level Annotations

Branches:
Dungeon (2/12)

Altars:
Gozag
Uskayaw
Zin

Shops:
D:2 *

Annotations:
D:2 Robin


Innate Abilities, Weirdness & Mutations

You are resistant to torment.
Your stone body is resilient. (AC +3)
You are immune to poison.
You resist negative energy. (rN+)
You are resistant to electric shocks. (rElec)
You can survive without breathing.
You are immune to petrification.
You are immune to rotting.


Message History

You hit the bat.
You kill the bat!
No target in view!
No target in view!
No target in view!
You barely miss the worm. The worm bites you.
You hit the worm.
The worm is lightly wounded.
Your scale mail prevents you from hitting the worm.
The worm is lightly wounded.
The worm bites you but does no damage.
You hit the worm.
The worm is moderately wounded.
The worm bites you.
You hit the worm but do no damage.
The worm is moderately wounded.
You hit the worm.
The worm is heavily wounded.
The worm bites you but does no damage.
You hit the worm but do no damage.
The worm is heavily wounded.
The worm bites you.
You are too injured to fight recklessly!
You are feeling hungry.
You see here a +0 club.
Items here: )) ÷÷÷ a +0 club x2; a goblin skeleton; a hobgoblin skeleton; a bat skeleton You start resting.
Eating one of 7 chunks of flesh.
You eat one of the 7 chunks of flesh.
This raw flesh tastes terrible.
The worm is too close now for your liking.
You start resting.
The worm is too close now for your liking.
You start resting.
The worm is too close now for your liking.
A worm is nearby!
You hit the worm.
The worm is moderately wounded.
Your shield and scale mail prevent you from hitting the worm.
The worm is moderately wounded.
You block the worm's attack.
You hit the worm.
The worm is moderately wounded.
The worm bites you.
Your shield and scale mail prevent you from hitting the worm.
The worm is moderately wounded.
The worm bites you.
You slash the worm!
The worm is heavily wounded.
You barely miss the worm.
The worm is heavily wounded.
You block the worm's attack.
You hit the worm.
The worm is severely wounded.
The worm barely misses you.
You barely miss the worm.
The worm is severely wounded.
The worm barely misses you.
Your shield and scale mail prevent you from hitting the worm.
The worm is heavily wounded.
The worm barely misses you.
Your shield and scale mail prevent you from hitting the worm.
The worm is heavily wounded.
Your shield and scale mail prevent you from hitting the worm.
The worm is heavily wounded.
The worm barely misses you.
You slash the worm!
The worm is almost dead.
The worm bites you.
You slash the worm!
You kill the worm!
You start resting.
All of the chunks of flesh in your inventory have rotted away.
HP restored.
Found 192 stones.
g - a green potion Robin drinks a potion.
Robin seems to speed up.
Robin is too close now for your liking.
Robin is nearby!
You start waiting.
Robin is too close now for your liking.
Your shield prevents you from hitting Robin.
You block Robin's attack.
Robin zaps a wand.
The puff of flame hits you!
You hit Robin.
Robin is lightly wounded.
Robin closely misses you.
Robin says, "Feeling lonely?"
Robin hits you with a +3 dagger of speed.
You hit Robin.
Robin is moderately wounded.
Robin hits you but does no damage. You block Robin's attack. x2
You barely miss Robin.
Robin is moderately wounded.
Robin hits you but does no damage. You block Robin's attack.
Your shield prevents you from hitting Robin.
Robin is moderately wounded.
Robin zaps a wand.
The puff of flame hits you!
Ouch! That really hurt!
* * * LOW HITPOINT WARNING * * *
Robin zaps a wand.
The puff of flame hits you.
You die...

.#..###.######
#######..
#.)..........# #.#
##.####.####.# #.# ##.#
#.# #.# ##.# ##.# #.#
#.# #..# ##.####.# #.#
##########... ........#
#.# #............
.....#### #.######
#.##....###.. .....#
#....@.###.##....###..
.....#
######g............#.#
.....#
..g............)......#
##)###
###########.#.......###
#.# ##.###...#..÷......
#.# ..............#####
##.# ##.##.#........#
...# #.###.....## ##.#
## ..#.#.....


You could see Robin.

Vanquished Creatures
  2 worms (D:2)
  3 leopard geckos (D:1)
  An orc (D:2)
  3 giant cockroaches
  7 goblins
  7 hobgoblins
  5 bats
  A frilled lizard (D:1)
  6 kobolds
  2 rats (D:1)
37 creatures vanquished.

Notes
Turn   | Place    | Note
-------+----------+-------------------------------------------
     0 | D:1      | AxeAttX the Gargoyle Fighter began the quest for the Orb.
     0 | D:1      | Reached XP level 1. HP: 14/14 MP: 1/1
    53 | D:1      | Reached skill level 2 in Long Blades
    93 | D:1      | Reached XP level 2. HP: 19/19 MP: 2/2
   520 | D:1      | Reached XP level 3. HP: 24/24 MP: 3/3
   671 | D:1      | Reached skill level 4 in Fighting
   904 | D:2      | Found Zin's Purification Station.
   906 | D:2      | Found a glowing silver altar of Zin.
  1056 | D:2      | Found an opulent altar of Gozag.
  1141 | D:2      | Noticed a -2 hand axe
  1141 | D:2      | Noticed a +0 dagger
  1142 | D:2      | Found a hide-covered altar of Uskayaw.
  1144 | D:2      | Noticed Robin
  1195 | D:2      | Reached skill level 3 in Long Blades
  1544 | D:2      | Killed from afar by Robin

Skill      XL: |  1  2  3 |
---------------+----------+-----
Long Blades    | 2 3 |  3.1
Fighting       | 4 |  4.0
Armour         | |  3.2
Shields        | |  3.2

Action                   || total
-------------------------++-------
Melee: Long sword        ||   146
  Eat: Chunk             ||     2
Armor: Scale mail        ||    78
Dodge: Dodged            ||    24
Block: Medium shield     ||    64

Levels and vault maps discovered:
D:1:      minmay_arrival_checkered_box, layout_loops_corners, minmay_octomino_j4
D:2:      layout_loops_ring, dancing_weapons_uskayaw,
          lemuel_coloured_pillars_altar, zin_purify, uniq_robin

Table legend:
 A = Turns spent in this place as a percentage of turns spent in the entire game.
 B = Non-inter-level travel turns spent in this place as a percentage of non-inter-level travel turns spent in the entire game.
 C = Inter-level travel turns spent in this place as a percentage of turns spent in this place.
 D = Turns resting spent in this place as a percentage of non-inter-level travel turns spent in this place.
 E = Turns spent auto-exploring this place as a percentage of non-inter-level travel turns spent in this place.
 F = Non-inter-level travel turns spent in this place divided by the number of levels of this place that you've seen.
                   A       B       C       D       E      F
               +-------+-------+-------+-------+-------+----------------------
         Total | 100.0 | 100.0 |   1.4 |   9.7 |  66.2 | 761.0
       Dungeon | 100.0 | 100.0 |   1.4 |   9.7 |  66.2 | 761.0
               +-------+-------+-------+-------+-------+----------------------

Table legend:
 A = Kills in this place as a percentage of kills in entire the game.
 B = Kills by you in this place as a percentage of kills by you in the entire game.
 C = Kills by friends in this place as a percentage of kills by friends in the entire game.
 D = Other kills in this place as a percentage of other kills in the entire game.
 E = Experience gained in this place as a percentage of experience gained in the entire game.
 F = Experience gained in this place divided by the number of levels of this place that you have seen.
                   A       B       C       D       E      F
               +-------+-------+-------+-------+-------+----------------------
         Total | 100.0 | 100.0 |   N/A |   N/A | 100.0 |  36.5
       Dungeon | 100.0 | 100.0 |   N/A |   N/A | 100.0 |  36.5
               +-------+-------+-------+-------+-------+----------------------
